Map: Orbital Shipyard

Players

Brazko

  • Race: Zerg Zerg
  • League: Master

Miszu - Winner!

  • Race: Terran Terran
  • League: Master

VOD

Have the link to the VOD?

Description

Time

  • Played on: March 8, 2016, 1:35 p.m.
  • Length: 8:49
Show
View Real Time Build Order
Export as new Build Order

Brazko Zerg 

Build Orders: Hatch First 

Get SALT Encoding   

  12  0:01  Drone  
  13  0:12  Overlord  
  13  0:17  Drone  
  14  0:30  Drone x2  
  14  0:34  Drone  
  17  0:45  Drone  
  18  0:54  Hatchery  
  17  0:57  Drone  
  17  0:59  Extractor  
  17  1:06  Drone  
  18  1:16  Spawning Pool  
  17  1:19  Drone  
  18  1:28  Drone  
  19  1:39  Overlord  
  19  2:03  Queen  
  19  2:04  Metabolic Boost  
  19  2:05  Zergling x4  
  19  2:06  Queen  
  19  2:07  Zergling x2  
  26  2:11  Drone  
  27  2:17  Drone  
  27  2:21  Overlord  
  28  2:37  Drone  
  28  2:39  Queen, Drone  
  28  2:42  Queen, Drone  
  35  2:44  Drone  
  35  2:51  Overlord  
  36  2:56  Zergling x2  
  36  3:00  Zergling x2  
  36  3:04  Drone  
  38  3:12  Drone x3  
  41  3:17  Drone  
  41  3:18  Drone  
  41  3:19  Drone x3  
  45  3:30  Drone  
  46  3:35  Drone  
  46  3:37  Hatchery  
  46  3:41  Drone  
  47  3:42  Roach Warren  
  47  3:44  Drone  
  47  3:57  Drone x2  
  47  3:59  Drone  
  50  4:04  Drone x2  
  50  4:07  Overlord  
  50  4:08  Overlord  
  52  4:12  Extractor  
  52  4:14  Extractor, Drone x2  
  52  4:15  Spore Crawler  
  51  4:17  Zergling x2  
  51  4:20  Extractor  
  51  4:23  Spore Crawler  
  46  4:24  Zergling x2  
  46  4:25  Zergling x2  
  46  4:28  Overlord  
  48  4:33  Roach  
  48  4:34  Zergling x6  
  53  4:45  Roach  
  52  4:51  Zergling x6  
  55  4:56  Roach  
  56  5:03  Drone x3  
  59  5:10  Drone x3  
  61  5:15  Drone x2  
  61  5:18  Lair  
  61  5:19  Drone  
  64  5:22  Drone  
  64  5:23  Drone  
  64  5:24  Drone x2  
  68  5:29  Queen, Drone x2  
  68  5:31  Drone  
  68  5:34  Drone x2  
  75  5:40  Drone x2  
  77  5:47  Drone  
  77  5:48  Drone x3  
  77  5:49  Extractor, Evolution Chamber  
  79  5:50  Drone x2  
  79  5:51  Evolution Chamber  
  79  5:52  Drone x2  
  79  5:54  Extractor, Spore Crawler  
  79  5:59  Roach  
  77  6:14  Drone  
  77  6:15  Drone x2  
  77  6:16  Drone x2  
  77  6:17  Overlord x2  
  77  6:18  Glial Reconstitution  
  82  6:19  Zerg Melee Weapons Level 1, Zerg Ground Armor Level 1  
  82  6:24  Overseer  
  82  6:38  Drone  
  82  6:39  Drone  
  85  6:40  Drone  
  85  6:41  Drone x2  
  85  6:42  Drone  
  85  6:45  Drone x2  
  85  6:46  Infestation Pit  
  89  6:49  Ravager x4  
  89  6:50  Overlord  
  89  6:51  Overlord x3  
  89  6:53  Roach  
  96  6:54  Roach  
  96  7:09  Roach  
  96  7:10  Roach x3  
  96  7:13  Roach  
  96  7:14  Roach x3  
  96  7:15  Roach  
  114  7:19  Roach x4  
  121  7:27  Roach  
  115  7:30  Roach  
  115  7:31  Roach x2  
  115  7:35  Roach x2  
  115  7:36  Roach x3  
  112  7:40  Roach  
  112  7:41  Roach  
  102  7:46  Roach  
  102  7:48  Roach x2  
  102  7:50  Roach  
  102  7:53  Roach  
  102  7:54  Roach x4  
  102  7:55  Roach x2  
  102  7:58  Roach  
  114  8:05  Overseer  
  110  8:16  Drone x4  
  114  8:23  Ravager  
  114  8:24  Overlord x2  
  114  8:25  Overlord x2  
  114  8:33  Ravager  
Show
View Real Time Build Order
Export as new Build Order

Miszu Terran - Winner!

Build Orders: MMM Bio 

Get SALT Encoding   

  12  0:00  SCV  
  13  0:12  SCV  
  14  0:18  Supply Depot  
  14  0:24  SCV  
  15  0:39  SCV  
  16  0:46  Barracks  
  16  0:48  Refinery  
  16  0:51  SCV  
  17  1:03  SCV  
  18  1:16  SCV  
  19  1:33  Barracks Reactor, Orbital Command  
  19  1:40  Command Center  
  19  1:49  Supply Depot  
  19  1:59  SCV  
  20  2:10  Reaper x2  
  20  2:11  SCV  
  23  2:23  SCV  
  23  2:27  Command Center  
  24  2:35  SCV  
  25  2:46  Reaper  
  25  2:47  Reaper  
  25  2:48  SCV  
  28  2:53  Orbital Command  
  28  3:00  SCV  
  29  3:10  Refinery  
  29  3:12  SCV  
  29  3:21  Reaper  
  29  3:22  Reaper, SCV  
  29  3:24  SCV  
  33  3:33  Barracks  
  33  3:34  Barracks, SCV  
  33  3:36  SCV  
  33  3:39  Orbital Command  
  35  3:47  SCV  
  37  3:48  SCV  
  37  3:56  Marine  
  37  3:57  Marine  
  37  3:59  SCV  
  37  4:00  SCV  
  41  4:04  Factory  
  41  4:05  SCV  
  41  4:08  Refinery  
  41  4:09  Refinery  
  42  4:11  SCV  
  42  4:12  SCV  
  42  4:14  Marine  
  45  4:17  SCV  
  45  4:23  SCV  
  47  4:25  Marine  
  47  4:28  SCV  
  47  4:29  SCV  
  47  4:30  Barracks Tech Lab  
  51  4:32  Marine  
  51  4:33  Engineering Bay, Barracks Tech Lab  
  51  4:34  Engineering Bay  
  51  4:35  SCV  
  52  4:40  SCV  
  52  4:43  Marine  
  54  4:46  SCV  
  54  4:48  SCV  
  54  4:50  Marine  
  54  4:51  Supply Depot  
  54  4:52  Supply Depot, SCV  
  58  4:59  SCV  
  59  5:00  Marine  
  59  5:01  Marine  
  59  5:03  Combat Shields  
  59  5:04  Stimpack  
  59  5:05  Factory Reactor  
  59  5:06  Starport, Orbital Command  
  61  5:07  Terran Infantry Weapons Level 1  
  61  5:12  Marine x2, SCV x2  
  64  5:18  Marine  
  64  5:19  Marine, Terran Infantry Armor Level 1  
  64  5:20  Supply Depot  
  64  5:21  Supply Depot  
  66  5:25  SCV x2  
  68  5:30  Marine  
  68  5:33  SCV  
  70  5:37  Marine x2, SCV x2  
  70  5:42  Barracks  
  74  5:43  Barracks  
  74  5:45  Supply Depot, SCV  
  74  5:46  Armory  
  74  5:47  Marine  
  74  5:48  Marine  
  74  5:49  SCV x2  
  79  5:57  Marine  
  79  5:58  Marine, Factory Reactor  
  81  6:04  Marine  
  81  6:05  Medivac x2  
  81  6:06  Marine, SCV x3  
  86  6:15  Marine x2  
  86  6:18  Supply Depot, SCV x3  
  90  6:19  Supply Depot x2  
  90  6:23  Marauder  
  90  6:25  Marauder  
  95  6:28  Refinery  
  95  6:30  SCV x3  
  95  6:31  Barracks Reactor x2  
  98  6:33  Marine x2  
  98  6:36  Terran Vehicle Weapons Level 1  
  100  6:41  Refinery  
  100  6:42  Supply Depot, SCV x3  
  100  6:44  Supply Depot  
  100  6:46  Supply Depot, Marauder x2  
  107  6:47  Medivac, Widow Mine x2  
  107  6:51  Marine x2  
  115  6:54  SCV  
  116  7:07  Marine, Marauder  
  116  7:08  Supply Depot, Marine  
  119  7:09  Supply Depot x2, Marine x3  
  119  7:10  Marine  
  124  7:20  Marine, Widow Mine x2  
  124  7:21  Medivac x2  
  133  7:25  Marine  
  133  7:26  Marine  
  133  7:27  Marine x2  
  133  7:29  Marauder  
  136  7:37  Marine x2  
  135  7:38  Marine  
  135  7:43  Marauder  
  138  7:44  Marine x2  
  138  7:45  Marine  
  138  7:50  Marine  
  138  7:51  Medivac x2  
  140  7:59  Marine  
  140  8:02  Marine x2  
  140  8:03  Marine x2, Widow Mine x2  
  140  8:05  Marauder  
  148  8:07  Barracks  
  148  8:08  Barracks, Marauder  
  148  8:09  Barracks  
  148  8:10  Supply Depot, Marine  
  148  8:12  Supply Depot  
  151  8:17  Marine  
  152  8:24  Marine  
  152  8:25  Marine x3  
  152  8:26  Marauder  
  160  8:28  Marine  
Tags
 
Add a new tag
Caveats
  • Supply blocks, unpowered buildings, or Contaminate may cause inaccurate times.
  • Supply counts are checked every 10 seconds.